 Dungeon Sprint DCSS version 0.20-a0-1088-gd50b1d5 (webtiles) character file.

1213 JiminyCricket the Grappler (level 8, -20/97 HPs)
             Began as a Troll Berserker on May 3, 2017.
             Was an Elder of Trog.
             Shot with an arrow by a centaur warrior (29 damage)
             ... in the Dungeon (Sprint I: "Red Sonja").
             The game lasted 00:03:11 (287 turns).

JiminyCricket the Grappler (Troll Berserker)         Turns: 287, Time: 00:03:12

Health: -20/97     AC:  5    Str: 28    XL:     8   Next: 22%
Magic:  7/7        EV: 10    Int:  3    God:    Trog [****..]
Gold:   405        SH:  0    Dex:  9    Spells: 7/7 levels left

rFire    . . .     SeeInvis .     - Unarmed
rCold    . . .     Gourm    +   (no shield)
rNeg     . . .     Faith    .   a - +0 animal skin
rPois    .         Spirit   .   (helmet restricted)
rElec    .         Reflect  .   (no cloak)
rCorr    .         Harm     .   (gloves unavailable)
MR       .....     NoTele   +   (boots unavailable)
Stlth    +.........             (no amulet)
Regen    0.7/turn               (no ring)
MPRegen  0.1/turn               (no ring)

@: no status effects
A: unfitting armour, claws 3, fast metabolism 3, gourmand, regeneration 1,
shaggy fur 1, tough skin 2
a: Berserk, Trog's Hand, Brothers in Arms, Burn Spellbooks, Renounce Religion


You were in the Dungeon.
You worshipped Trog.
Trog was greatly pleased with you.
You were not hungry.

You visited 1 branch You collected 405 gold pieces.

Inventory:

Armour
 a - a +0 animal skin (worn)
Scrolls
 h - a scroll of blinking
 i - a scroll of identify {unknown}
Potions
 c - a potion of curing
 d - a potion of heal wounds
 e - a potion of haste
 f - 2 potions of magic
 g - a potion of berserk rage
Comestibles
 b - 2 bread rations


   Skills:
 + Level 11.0 Fighting
 - Level 2.4 Dodging
 + Level 12.8 Unarmed Combat


You had 7 spell levels left.
You didn't know any spells.

Dungeon Overview and Level Annotations

Branches:
Dungeon (1/1)

Altars:
Cheibriados
Dithmenos
Elyvilon
Fedhas
Gozag
Hepliaklqana
Kikubaaqudgha
Makhleb
Nemelex Xobeh
Okawaru
Qazlal
Ru
Sif Muna
Trog
Uskayaw
Vehumet
Wu Jian
Xom
Yredelemnul
Zin
The Shining One
Jiyva
Lugonu

Shops:
D *


Innate Abilities, Weirdness & Mutations

You are too large for most types of armour.
You have claws for hands.
Your metabolism is lightning-fast.
You like to eat raw meat.
Your natural rate of healing is unusually fast.
You are covered in fur. (AC +1)
You have very tough skin. (AC +2)


Message History

You see here an arrow.
The centaur warrior hits you.
You see here a glowing scale mail.
The centaur warrior hits you!
You see here a robe.
You fail to use your ability.
The centaur warrior hits you!
The centaur warrior unwields an uncursed longbow.
The centaur warrior hits you but does no damage.
The centaur warrior wields a shortbow.
The centaur warrior shoots an arrow.
The arrow hits you.
The centaur warrior wields an uncursed longbow.
The centaur warrior shoots an arrow.
The arrow hits you!!
* * * LOW HITPOINT WARNING * * *
Things that are here:
2 arrows; a scroll labeled BUZAOH ORIWERA You fail to use your ability.
The centaur warrior shoots an arrow.
The arrow hits you!!
* * * LOW HITPOINT WARNING * * *
The centaur warrior shoots an arrow.
The arrow hits you!!
You die...

#..)..#..'..#__#..)...#
'[.#..').#..'..'..#)..#
#####'#####'#__####...+
####..#...#)####§(#####
#__####..##§#≈§§§.#
#_____##'#_.§≈§§.§+
#_.∩...'..._#≈§§§.#
#_..__##_.#'##c####
#_____###+#.#§c§@#
####### ####+###


You could see 2 centaur warriors.

Vanquished Creatures
  2 kobold demonologists (D)
  A slime creature (D)
  Sigmund (D)
  A yak (D)
  A floating eye (D)
  An ogre (D)
  A jelly (D)
  Ijyb (D)
9 creatures vanquished.

Notes
Turn   | Place    | Note
-------+----------+-------------------------------------------
     0 | D        | JiminyCricket the Troll Berserker began the quest for the Orb.
     0 | D        | Reached XP level 1. HP: 22/22 MP: 0/0
     1 | D        | Noticed Ijyb
     6 | D        | Killed Ijyb
     6 | D        | Reached skill level 5 in Unarmed Combat
     6 | D        | Reached XP level 2. HP: 32/32 MP: 1/1
     9 | D        | Noticed an ogre
    11 | D        | Killed an ogre
    11 | D        | Reached skill level 5 in Fighting
    11 | D        | Reached skill level 7 in Unarmed Combat
    11 | D        | Reached XP level 3. HP: 44/44 MP: 2/2
    11 | D        | Reached XP level 4. HP: 52/52 MP: 3/3
    52 | D        | Noticed Sigmund
    58 | D        | Killed Sigmund
    58 | D        | Reached ** piety under Trog
    58 | D        | Reached skill level 9 in Unarmed Combat
    58 | D        | Reached XP level 5. HP: 63/63 MP: 4/4
   119 | D        | Found a burning altar of Makhleb.
   119 | D        | Found a viscous altar of Jiyva.
   119 | D        | Found a shimmering altar of Xom.
   119 | D        | Found a corrupted altar of Lugonu.
   119 | D        | Noticed a slime creature
   124 | D        | Killed a slime creature
   124 | D        | Reached skill level 10 in Unarmed Combat
   124 | D        | Reached XP level 6. HP: 51/75 MP: 5/5
   176 | D        | Noticed a kobold demonologist
   176 | D        | Noticed a floating eye
   178 | D        | Paralysed by a floating eye for 3 turns
   182 | D        | Killed a floating eye
   182 | D        | Reached skill level 11 in Unarmed Combat
   182 | D        | Reached XP level 7. HP: 83/83 MP: 6/6
   184 | D        | Killed a kobold demonologist
   184 | D        | Reached *** piety under Trog
   184 | D        | Reached skill level 10 in Fighting
   184 | D        | Reached skill level 12 in Unarmed Combat
   185 | D        | Noticed a kobold demonologist
   188 | D        | Killed a kobold demonologist
   188 | D        | Reached XP level 8. HP: 96/96 MP: 7/7
   218 | D        | Found an ornate altar of the Wu Jian Council.
   218 | D        | Found a deep blue altar of Sif Muna.
   220 | D        | Found a radiant altar of Vehumet.
   222 | D        | Reached **** piety under Trog
   244 | D        | Found Cefragg's General Store.
   244 | D        | Found an ancient bone altar of Kikubaaqudgha.
   244 | D        | Found a hazy altar of Hepliaklqana.
   244 | D        | Found a stormy altar of Qazlal.
   244 | D        | Found a hide-covered altar of Uskayaw.
   244 | D        | Found a blossoming altar of Fedhas.
   244 | D        | Found a bloodstained altar of Trog.
   244 | D        | Found an iron altar of Okawaru.
   244 | D        | Found a basalt altar of Yredelemnul.
   244 | D        | Found a glowing golden altar of the Shining One.
   244 | D        | Found a snail-covered altar of Cheibriados.
   244 | D        | Found a sacrificial altar of Ru.
   244 | D        | Found a glowing silver altar of Zin.
   244 | D        | Found a shadowy altar of Dithmenos.
   244 | D        | Found a white marble altar of Elyvilon.
   248 | D        | Found an opulent altar of Gozag.
   252 | D        | Found a sparkling altar of Nemelex Xobeh.
   279 | D        | Noticed a centaur warrior
   279 | D        | Noticed a centaur warrior
   287 | D        | Shot with an arrow by a centaur warrior

Vault maps used:
D:        dungeon_sprint_1

Skill      XL: |  1  2  3  4  5  6  7  8 |
---------------+-------------------------+-----
Fighting       | 4 5 7 9 10 11 | 11.0
Unarmed Combat | 5 7 9 10 11 12 | 12.8
Dodging        | |  2.4

Action                   |  1- 3 |  4- 6 |  7- 9 || total
-------------------------+-------+-------+-------++-------
Melee: Unarmed           |     5 |    10 |     9 ||    24
       Punch             |       |     1 |     1 ||     2
Invok: Berserk           |     1 |     2 |       ||     3
  Eat: Chunk             |       |     4 |     1 ||     5
Armor: Animal skin       |     1 |     1 |     2 ||     4
Dodge: Dodged            |     3 |       |     1 ||     4
